 Dungeon Crawl Stone Soup version 0.30.1 (webtiles) character file.

Game seed: 4949046534575979765

478 monsoonserge the Chopper (level 6, -2/44 (56) HPs)
             Began as a Minotaur Fighter on July 4, 2023.
             Was an Initiate of Gozag.
             Slain by Edmund
             ... wielding a +5 dire flail of draining
              (13 damage)
             ... on level 4 of the Dungeon.
             The game lasted 00:07:36 (2519 turns).

monsoonserge the Chopper (Minotaur Fighter)         Turns: 2519, Time: 00:07:37

HP:   -2/44 (56)    AC:  7    Str: 22    XL:     6   Next: 86%
MP:   5/5           EV:  9    Int:  5    God:    Gozag
Gold: 235           SH:  4    Dex: 10    Spells: 5/5 levels left

rFire   . . .        j - +0 broad axe
rCold   + . .        c - +0 buckler
rNeg    . . .        b - +0 scale mail
rPois   +            (helmet restricted)
rElec   .            (no cloak)
rCorr   .            (no gloves)
SInv    .            (no boots)
Will    .....        q - amulet of regeneration Stlth
                     k - ring of protection from cold
HPRegen 1.07/turn    v - ring of poison resistance
MPRegen 0.09/turn

%: no passive effects
@: gold aura, heavily drained
A: horns 2, retaliatory headbutt
a: Renounce Religion, Potion Petition, Call Merchant, Bribe Branch


You were on level 4 of the Dungeon.
You worshipped Gozag.
Gozag was aware of your devotion.
You visited 2 branches of the dungeon, and saw 5 of its levels.

You collected 281 gold pieces.
You paid 46 gold pieces to Gozag.

Inventory:

Hand Weapons
 a - a +0 war axe
 j - a +0 broad axe (weapon)
Missiles
 f - 7 poisoned darts (quivered)
 t - 2 throwing nets
Armour
 b - a +0 scale mail (worn)
 c - a +0 buckler (worn)
Jewellery
 k - a ring of protection from cold (left hand)
 m - a ring of protection from cold
 q - an amulet of regeneration (around neck)
 u - a ring of resist corrosion
 v - a ring of poison resistance (right hand)
 z - a +6 ring of intelligence
Wands
 y - a wand of mindburst (15)
Scrolls
 e - a scroll of poison {unknown}
 h - 8 scrolls of identify {unknown}
 i - a scroll of vulnerability {unknown}
 n - a scroll of amnesia {unknown}
 o - 2 scrolls of torment {unknown}
 p - a scroll of summoning {unknown}
 w - a scroll of magic mapping {unknown}
 x - a scroll of blinking {unknown}
Potions
 d - 3 potions of might
 g - 2 potions of curing {unknown}
 l - 2 potions of brilliance {unknown}
 r - a potion of magic {unknown}
 s - a potion of invisibility {unknown}
 A - a potion of mutation {unknown}


   Skills:
 + Level 5.4 Fighting
 + Level 7.2 Axes
 + Level 4.3 Armour
 - Level 1.0 Dodging
 + Level 4.0 Shields


You had 5 spell levels left.
You didn't know any spells.
Your spell library contained the following spells:

 Spells                   Type           Power      Damage    Failure   Level
 Summon Small Mammal      Summ           0%         N/A       86%         1
 Scorch                   Fire           0%         2d5       94%         2
 Call Canine Familiar     Summ           0%         N/A       99%         3
 Summon Guardian Golem    Hex/Summ       0%         N/A       99%         3
 Flame Wave               Conj/Fire      0%         2d4       100%        4
 Summon Cactus Giant      Summ           0%         N/A       100%        6


Dungeon Overview and Level Annotations

Branches:
Dungeon (4/15)             Temple (1/1) D:4

Altars:
Ashenzari
Cheibriados
Dithmenos
Elyvilon
Fedhas
Gozag
Hepliaklqana
Kikubaaqudgha
Makhleb
Qazlal
Trog
Vehumet
Wu Jian
Xom
Yredelemnul
Zin

Annotations:
D:4 Edmund


Innate Abilities, Weirdness & Mutations

You have a pair of horns on your head.
You reflexively headbutt those who attack you in melee.


Message History

You hit Edmund. Your headbutt misses Edmund.
Edmund is lightly wounded.
Edmund hits you with a +5 dire flail of draining.
You feel drained.
You hit Edmund but do no damage. You headbutt Edmund, but do no damage.
Edmund is lightly wounded.
Edmund closely misses you. You furiously retaliate!
You headbutt Edmund! You closely miss Edmund.
Edmund is moderately wounded.
Edmund hits you with a +5 dire flail of draining!
You feel drained.
Edmund hits you with a +5 dire flail of draining.
You feel drained.
You hit Edmund.
Edmund is heavily wounded.
Edmund hits you with a +5 dire flail of draining.
You feel drained.
You slash Edmund! Your headbutt misses Edmund.
Edmund is severely wounded.
You hit the orc.
Edmund hits you with a +5 dire flail of draining.
You feel drained. You block the orc's attack.
You closely miss Edmund. You headbutt Edmund, but do no damage.
Edmund is severely wounded.
You hit the orc but do no damage.
Edmund gestures with his flail.
Edmund hits you with a +5 dire flail of draining.
You feel drained. The orc closely misses you.
Edmund hits you with a +5 dire flail of draining!
* * * LOW HITPOINT WARNING * * *
You feel drained.
* * * LOW HITPOINT WARNING * * *
The orc barely misses you. You furiously retaliate!
You headbutt the orc.
You kill the orc!
Unknown command.
You hit Edmund.
Edmund is severely wounded.
Edmund hits you with a +5 dire flail of draining!
You die...
Your body crumbles into a pile of gold.

#.##.# #.##.. #
#.##.# #.##..#
# #.##.#
#..#..# #.##.#
##)#..# #.##.#
#.#..# #.##.#
#.#..# #.# .#
#.#..#
#.##.#####.#@.#
#..........@$.#
###.##.######.#
#)# # #.##.#
#.##.# #.#
#.##.# #.#
#.##.# #.# ## #
#.##.# #.# .#
#. #.##.# #.#
##### .###.#


You could see Edmund.

Vanquished Creatures
  An ogre (D:4)
  A phantom (D:4)
  2 scorpions (D:4)
  A hound (D:4)
  Robin (D:2)
  5 adders
  A gnoll (D:1)
  3 dart slugs
  10 orcs
  7 bats
  6 endoplasms
  4 giant cockroaches
  13 goblins
  6 hobgoblins
  4 jackals (D:1)
  3 quokkas
  4 ball pythons
  5 frilled lizards
  7 kobolds
  3 rats
87 creatures vanquished.

Notes
Turn   | Place    | Note
-------+----------+-------------------------------------------
     0 | D:1      | monsoonserge the Minotaur Fighter began the quest for the
                  | Orb.
     0 | D:1      | Reached XP level 1. HP: 19/19 MP: 0/0
   157 | D:1      | Reached XP level 2. HP: 23/27 MP: 1/1
   461 | D:1      | Reached XP level 3. HP: 33/33 MP: 2/2
   598 | D:1      | Reached skill level 3 in Axes
   777 | D:2      | Found a faded altar of an unknown god.
   925 | D:2      | Noticed Robin
   931 | D:2      | Killed Robin
   950 | D:2      | Reached skill level 1 in Dodging
  1067 | D:2      | Reached XP level 4. HP: 39/41 MP: 3/3
  1228 | D:2      | Reached skill level 4 in Axes
  1831 | D:4      | Found a staircase to the Ecumenical Temple.
  1842 | Temple   | Entered the Ecumenical Temple
  1956 | Temple   | Became a worshipper of Gozag Ym Sagoz the Greedy
  1977 | D:4      | Noticed a scorpion
  1986 | D:4      | Reached XP level 5. HP: 47/47 MP: 4/4
  1989 | D:4      | Reached skill level 5 in Axes
  2013 | D:4      | Reached skill level 5 in Fighting
  2113 | D:4      | Reached skill level 6 in Axes
  2113 | D:4      | Reached XP level 6. HP: 47/56 MP: 5/5
  2465 | D:4      | Reached skill level 7 in Axes
  2511 | D:4      | Noticed Edmund
  2519 | D:4      | Slain by Edmund

Illustrated notes

Levels and vault maps discovered:
D:1:      heliophobic_arrival_henge, layout_loops_cross
D:2:      layout_loops_cross, dreamdust_ecumenical_altar_grove,
          minmay_crystal_water, uniq_robin
D:3:      layout_rooms
D:4:      layout_loops_ring, minmay_temple_entry_slanted, uniq_edmund
Temple:   kb_temple_of_zot

Skill      XL: |  1  2  3  4  5  6 |
---------------+-------------------+-----
Fighting       | 4 5 |  5.4
Armour         | 4 |  4.3
Shields        | 4 |  4.0
Axes           | 3 4 6 7 |  7.2
Dodging        | 1 |  1.0

Action                     |  1- 3 |  4- 6 || total
---------------------------+-------+-------++-------
  Melee: War axe           |    48 |       ||    48
         Headbutt          |    12 |    22 ||    34
         Broad axe         |    37 |   109 ||   146
   Stab: Distracted        |       |     1 ||     1
 Armour: Scale mail        |    47 |    49 ||    96
  Dodge: Dodged            |    32 |    54 ||    86
  Block: Buckler           |    25 |    21 ||    46
